 Dungeon Crawl Stone Soup version 0.27.0 (webtiles) character file.

Game seed: 11948939091308305935

116 backslashecho the Skirmisher (level 5, -5/33 HPs)
             Began as a Gargoyle Berserker on July 31, 2021.
             Was a Believer of Trog.
             Slain by a wight (11 damage)
             ... on level 3 of the Dungeon.
             The game lasted 00:04:55 (3298 turns).

backslashecho the Skirmisher (Gargoyle Berserker)   Turns: 3298, Time: 00:04:56

Health: -5/33      AC: 13    Str: 21    XL:     5   Next: 1%
Magic:  5/5        EV:  8    Int:  8    God:    Trog [**....]
Gold:   45         SH:  0    Dex:  9    Spells: 4/4 levels left

rFire    . . .     SeeInvis .   a - +0 hand axe
rCold    . . .     Faith    .   (no shield)
rNeg     + . .     Spirit   .   j - +0 chain mail
rPois    ∞         Reflect  .   (no helmet)
rElec    +         Harm     .   (no cloak)
rCorr    .         Rampage  .   (no gloves)
Will     ++...                  (no boots)
Stlth    ..........             (no amulet)
HPRegen  1.11/turn              (no ring)
MPRegen  0.09/turn              (no ring)

@: brilliant, strong-willed, on berserk cooldown, regenerating, slowed, very
slow
A: sickness immunity, AC +4, negative energy resistance 1, electricity
resistance, torment resistance 1, petrification resistance
a: Renounce Religion, Berserk, Trog's Hand


You were on level 3 of the Dungeon.
You worshipped Trog.
Trog was pleased with you.
You visited 1 branch of the dungeon, and saw 3 of its levels.

You collected 45 gold pieces.

Inventory:

Hand Weapons
 a - a +0 hand axe (weapon)
Missiles
 h - 26 poisoned darts (quivered)
Armour
 j - a +0 chain mail (worn)
Scrolls
 c - a scroll of noise
 e - a scroll of identify
Potions
 f - a potion of attraction {unknown}
 g - a potion of magic {unknown}
 i - a potion of curing {unknown}


   Skills:
 + Level 4.0 Fighting
 * Level 3.9 Axes
 + Level 3.2 Armour
 - Level 1.5 Dodging
 - Level 1.0 Unarmed Combat


You had 4 spell levels left.
You didn't know any spells.
Your spell library was empty.

Dungeon Overview and Level Annotations

Branches:
Dungeon (3/15)

Altars:


Innate Abilities, Weirdness & Mutations

You are immune to sickness and miasma.
Your stone body is resilient. (AC +4)
You are immune to poison.
You resist negative energy. (rN+)
You are resistant to electric shocks. (rElec)
You are resistant to unholy torment.
You are immune to petrification.


Message History

You barely miss the quokka.
The quokka is heavily wounded.
The wight barely misses you.
The quokka bites you but does no damage.
You miss the quokka.
The quokka is heavily wounded.
The wight hits you from afar with a +2 halberd.
* * * LOW HITPOINT WARNING * * *
The quokka bites you.
* * * LOW HITPOINT WARNING * * *
You take 5 damage, and have 3/49 hp.
You closely miss the quokka.
The quokka is heavily wounded.
The quokka bites you but does no damage.
You feel a strong urge to attack something.
You are no longer berserk.
You are exhausted.
You feel yourself slow down.
You now have 4/33 hp.
You regained 2 hp, and now have 6/33 hp.
As you read the scroll labelled ZYUPNUARASE, it crumbles to dust.
It is a scroll of identify.
c - a scroll of noise The quokka closely misses you.
The wight closely misses you.
The quokka bites you but does no damage.
You regained 2 hp, and now have 9/33 hp.
The quokka bites you but does no damage.
The wight hits you but does no damage.
You regained 2 hp, and now have 11/33 hp.
It was a potion of brilliance.
You feel clever all of a sudden. The quokka barely misses you.
The wight hits you from afar with a +2 halberd.
* * * LOW HITPOINT WARNING * * *
The quokka twitches its whiskers.
The quokka bites you.
* * * LOW HITPOINT WARNING * * *
You take 7 damage, and have 4/33 hp.
MASSIVE DAMAGE!!
The wight hits you from afar with a +2 halberd!
You die...

..# #.# #.# #####.#
#.########...#.#
........z..#...#
#####..#z.....##
#.z#r......#
########.z#@.....##
.........[#.....##
#########.#.#.##############
#.#.#...............
#.#.################ #.#.# #
#(#.# # #.#.. # #####.### #


You could see 2 wights and a quokka.

Vanquished Creatures
  An orc wizard (D:3)
  2 adders
  3 dart slugs (D:1)
  4 orcs (D:3)
  7 ball pythons
  4 bats
  3 endoplasms
  3 giant cockroaches
  5 goblins
  5 hobgoblins
  4 jackals
  3 quokkas
  4 frilled lizards
  6 kobolds
  5 rats
59 creatures vanquished.

Vanquished Creatures (others)
  2 plants (D:1)
2 creatures vanquished.

Grand Total: 61 creatures vanquished

Notes
Turn   | Place    | Note
-------+----------+-------------------------------------------
     0 | D:1      | backslashecho the Gargoyle Berserker began the quest for
                  | the Orb.
     0 | D:1      | Reached XP level 1. HP: 14/14 MP: 1/1
   338 | D:1      | Reached XP level 2. HP: 18/19 MP: 2/2
   911 | D:1      | Reached XP level 3. HP: 20/23 MP: 3/3
  1151 | D:1      | Reached skill level 1 in Unarmed Combat
  1504 | D:1      | Reached ** piety under Trog
  2227 | D:2      | Found a faded altar of an unknown god.
  2491 | D:2      | Reached XP level 4. HP: 24/29 MP: 4/4
  3041 | D:3      | Reached skill level 4 in Fighting
  3057 | D:3      | Reached XP level 5. HP: 22/33 MP: 5/5
  3298 | D:3      | Slain by a wight

Illustrated notes

Levels and vault maps discovered:
D:1:      scummos_arrival_forest, layout_basic, serial_forest,
          infiniplex_forest_3_way, infiniplex_forest_end_2,
          infiniplex_forest_lined_1, infiniplex_forest_lined_room_2,
          infiniplex_forest_zigzag_2, infiniplex_forest_clump_diagonal,
          infiniplex_forest_lined_2, chequers_serial_rivers_micro_c
D:2:      layout_basic, ebering_ecumenical_altar_webs
D:3:      layout_loops_ring

Skill      XL: |  1  2  3  4 |
---------------+-------------+-----
Axes           | 3 |  3.9
Unarmed Combat | 1 |  1.0
Armour         | 3 |  3.2
Fighting       | 4 |  4.0
Dodging        | |  1.5

Action                   |  1- 3 |  4- 6 || total
-------------------------+-------+-------++-------
Melee: Hand axe          |   174 |    95 ||   269
       Punch             |       |     1 ||     1
Invok: Berserk           |     1 |     1 ||     2
       Trog's Hand       |       |     3 ||     3
  Use: Scroll            |       |     1 ||     1
       Potion            |       |     1 ||     1
Armor: Animal skin       |    95 |     4 ||    99
       Chain mail        |       |    79 ||    79
Dodge: Dodged            |   125 |    48 ||   173
